 Dungeon Crawl Stone Soup version 0.31.0-12-g77e489cdc1 (webtiles) character file.

Game seed: 12825000982951009084

72 Ecant the Slasher (level 4, -1/35 HPs)
             Began as a Demonspawn Berserker on Mar 5, 2024.
             Was a Believer of Trog.
             Slain by an adder (3 damage)
             ... on level 2 of the Dungeon.
             The game lasted 00:06:01 (946 turns).

Ecant the Slasher (Demonspawn Berserker)             Turns: 946, Time: 00:06:01

Health: -1/35      AC:  4    Str: 15 (17) XL:     4   Next: 7%
Magic:  4/4        EV: 12    Int:  6 (8)  God:    Trog [**....]
Gold:   84         SH:  0    Dex: 13 (14) Spells: 3/3 levels left

rFire   . . .        a - +0 falchion
rCold   . . .        (no shield)
rNeg    . . .        b - +0 animal skin
rPois   .            (no helmet)
rElec   .            (no cloak)
rCorr   .            (no gloves)
SInv    .            (no boots)
Will    .....        (no amulet)
Stlth   +            (no ring)
HPRegen 0.25/turn    (no ring)
MPRegen 0.09/turn

%: no passive effects
@: brilliant, about to teleport
A: slimy green scales 1, powered by death 1
a: Renounce Religion, Berserk, Trog's Hand


You were on level 2 of the Dungeon.
You worshipped Trog.
Trog was pleased with you.
You visited 1 branch of the dungeon, and saw 2 of its levels.

You collected 84 gold pieces.

Inventory:

Hand Weapons
 a - a +0 falchion (weapon)
Armour
 b - a +0 animal skin (worn)
 e - a +0 plate armour
Magical Staves
 m - a staff of air
Jewellery
 d - a ring of magical power
 g - an amulet of reflection
Scrolls
 c - a scroll of identify
 f - a scroll of enchant weapon {unknown}
 j - a scroll of vulnerability {unknown}
 k - a scroll of torment {unknown}


   Skills:
 + Level 3.3 Fighting
 + Level 3.8 Long Blades
 + Level 1.8 Armour
 + Level 2.3 Dodging
 + Level 0.1 Stealth


You had 3 spell levels left.
You didn't know any spells.
Your spell library was empty.

Dungeon Overview and Level Annotations

Branches:
Dungeon (2/15)

Altars:

Annotations:
D:2 Terence


Innate Abilities, Weirdness & Mutations

You are partially covered in slimy green scales. (AC +2)
You regenerate a little health from kills.


Message History

Terence hits you with a +0 hand axe of freezing.
* * * LOW HITPOINT WARNING * * *
Terence freezes you.
* * * LOW HITPOINT WARNING * * *
You hit Terence.
Terence is heavily wounded.
The adder bites you.
* * * LOW HITPOINT WARNING * * *
Terence barely misses you.
You closely miss Terence.
Terence is heavily wounded.
The adder closely misses you.
Terence hits you with a +0 hand axe of freezing.
* * * LOW HITPOINT WARNING * * *
Terence freezes you.
* * * LOW HITPOINT WARNING * * *
The adder bites you but does no damage.
It was a potion of degeneration.
There was something very wrong with that liquid.
You feel weakened.
You feel dopey.
You feel clumsy. The adder closely misses you.
The adder bites you but does no damage. The adder closely misses you.
The adder attacks as it pursues you! The adder bites you but does no damage.
The adder attacks as it pursues you! The adder bites you.
* * * LOW HITPOINT WARNING * * *
As you read the scroll labelled TYROERH JOACVY, it crumbles to dust.
It is a scroll of identify.
i - a scroll of teleportation The adder bites you.
* * * LOW HITPOINT WARNING * * *
The adder bites you but does no damage.
As you read the scroll of teleportation, it crumbles to dust.
You feel strangely unstable. The adder bites you but does no damage.
The adder bites you.
* * * LOW HITPOINT WARNING * * *
It was a potion of brilliance.
You feel clever all of a sudden. Terence hits you but does no damage.
The adder bites you.
You die...

#.......#
#....##.### ######
#....##...# #.....
#.....#...# #####
#..... #.....#...#
....# #.....
#.....#...# ....#
#.....
##....#...##...)#
#[....
#....###@S.....#
#..... #....#
#.@.....# #.....
##......# #.....
#.....## #.###.
##.....#### #.....
#.........# #####.
#.........# #.
#.........# ##
#.........#
#.........########


You could see Terence and an adder.

Vanquished Creatures
  3 adders (D:2)
  A ribbon worm (D:2)
  3 bats (D:1)
  3 endoplasms
  2 giant cockroaches (D:1)
  4 goblins
  3 hobgoblins
  4 jackals (D:1)
  3 kobolds (D:1)
  3 quokkas
  2 ball pythons (D:1)
  5 frilled lizards
  4 rats
40 creatures vanquished.

Notes
Turn   | Place    | Note
-------+----------+-------------------------------------------
     0 | D:1      | Ecant the Demonspawn Berserker began the quest for the Orb.
     0 | D:1      | Reached XP level 1. HP: 18/18 MP: 1/1
   112 | D:1      | Gained mutation: You regenerate a little health from kills.
                  | [demonic ancestry]
   112 | D:1      | Reached XP level 2. HP: 15/24 MP: 2/2
   507 | D:1      | Reached ** piety under Trog
   518 | D:1      | Gained mutation: You are partially covered in slimy green
                  | scales. (AC +2) [demonic ancestry]
   518 | D:1      | Reached XP level 3. HP: 21/29 MP: 3/3
   571 | D:1      | You fall into a shaft and drop 1 floor!
   901 | D:2      | Reached XP level 4. HP: 28/35 MP: 4/4
   923 | D:2      | Noticed Terence
   946 | D:2      | Slain by an adder

Illustrated notes

Levels and vault maps discovered:
D:1:      minmay_arrival_semitransparent, layout_loops_cross
D:2:      layout_basic, uniq_terence

Skill      XL: |  1  2 |
---------------+-------+-----
Long Blades    | 3 |  3.8
Dodging        | 2 |  2.3
Fighting       | |  3.3
Armour         | |  1.8
Stealth        | |  0.1

Action                     |  1- 3 |  4- 6 || total
---------------------------+-------+-------++-------
  Melee: Falchion          |   131 |     7 ||   138
         Punch             |     2 |       ||     2
    Use: Scroll            |       |     2 ||     2
         Potion            |       |     2 ||     2
   Stab: Sleeping          |     1 |       ||     1
 Armour: Animal skin       |    84 |    17 ||   101
  Dodge: Dodged            |   109 |     7 ||   116
